Match 38712940
Unlisted

Match 38712940
End
Selects Airborne Battlegroup
Selects Heavy Machine Gun Paradrop
Heavy Machine Gun Paradrop
Construct Weapon Support Center
Heavy Machine Gun Paradrop
Sniper
Engineer Squad
Sniper
Selects Recon Loiter
Heavy Machine Gun Paradrop
Recon Loiter
Sniper
Recon Loiter
Mechanized Support Center
Construct Tank Depot
Selects Supply Drop
Supply Drop
Recon Loiter
M4A1 Sherman Medium Tank
Supply Drop
M4A1 76mm Conversion
Engineer Squad
Recon Loiter
M4A1(76) Sherman Medium Tank
Recon Loiter
Selects Dual P-47 Rocket Strike
Dual P-47 Rocket Strike
Engineer Squad
Supply Drop
Designate Forward Repair Station
Recon Loiter
Improvised Armor
Recon Loiter
M4A1(76) Sherman Medium Tank
Selects Paratrooper Squad Paradrop
Recon Loiter
Supply Drop
M4A1(76) Sherman Medium Tank
Recon Loiter
Selects Anti-tank Gun Team Paradrop
Dual P-47 Rocket Strike
M4A1(76) Sherman Medium Tank
ConcernedApe
Kusa
1Div MED
Mr.Earl
oberlet
KG_HyperX
LuckyGoOse
Deadpool
0
0

Comments sign in to comment!

No comments posted yet!